 Dungeon Crawl Stone Soup version 0.19.0-9-gfd783f2 (webtiles) character file.

91 Helmschank the Skirmisher (level 4, -5/49 HPs)
             Began as an Ogre Wanderer on Nov 8, 2016.
             Was an Initiate of Trog.
             Slain by Sigmund
             ... wielding a +0 scythe
              (11 damage)
             ... on level 3 of the Dungeon.
             The game lasted 00:10:20 (3405 turns).

Helmschank the Skirmisher (Ogre Wanderer)           Turns: 3405, Time: 00:10:21

Health: -5/49      AC:  3    Str: 15    XL:     4   Next: 57%
Magic:  4/4        EV: 11    Int: 11    God:    Trog [......]
Gold:   86         SH:  0    Dex: 12    Spells: 0 memorised, 3 levels left

rFire  . . .     SeeInvis .     a - +0 club
rCold  . . .     Gourm    .     e - +0 robe
rNeg   . . .     Faith    .     (no shield)
rPois  .         Spirit   .     (helmet restricted)
rElec  .         Reflect  .     (no cloak)
rCorr  .         Harm     .     (gloves unavailable)
MR     .....                    (boots unavailable)
Stlth  +.........               (no amulet)
                                (no ring)
                                (no ring)

@: confused
A: unfitting armour, tough skin 1
a: Burn Spellbooks, Renounce Religion


You were on level 3 of the Dungeon.
You worshipped Trog.
Trog was noncommittal.
You were not hungry.

You visited 1 branch of the dungeon, and saw 3 of its levels.

You collected 86 gold pieces.

Inventory:

Hand Weapons
 a - a +0 club (weapon)
 b - a +0 blowgun
 g - a +2 shortbow
 k - a +0 hand axe
Missiles
 i - 76 stones (quivered)
 l - 29 poisoned needles
 s - 36 arrows
Armour
 e - a +0 robe (worn)
Jewellery
 j - an uncursed ring of protection from magic {unknown}
 r - a cursed ring of teleportation {unknown}
 u - an uncursed ring of magical power {unknown}
Scrolls
 c - 3 scrolls of teleportation
 n - 4 scrolls of identify {unknown}
 o - a scroll of amnesia {unknown}
 p - a scroll of remove curse {unknown}
 q - a scroll of magic mapping {unknown}
Potions
 d - a potion of lignification
 m - a potion of resistance {unknown}
Comestibles
 f - a bread ration
 h - 2 meat rations


   Skills:
 + Level 4.9 Fighting
 * Level 3.4 Maces & Flails
 - Level 1.0 Bows
 - Level 4.5 Dodging
 - Level 1.0 Stealth
   Level 1.0 Shields


You had 3 spell levels left.
You didn't know any spells.

Dungeon Overview and Level Annotations

Branches:
Dungeon (3/15)

Altars:
Trog
Xom

Annotations:
D:3 Sigmund


Innate Abilities, Weirdness & Mutations

You are too large for most types of armour.
You have tough skin. (AC +1)


Message History

You hit Sigmund but do no damage.
Sigmund is heavily wounded.
Sigmund gestures wildly while chanting.
Sigmund flickers and vanishes!
Deactivating autopickup; reactivate with Ctrl-A.
All of the chunks of flesh in your inventory have rotted away.
You completely miss something. Something hits you!
You barely miss something.
You hear some strange, mumbled words.
You are confused.
You completely miss something. Something hits you.
You bump into the rock wall.
You hear some strange, mumbled words.
You are more confused.
Something hits you!
* * * LOW HITPOINT WARNING * * *
You bump into the rock wall.
Something hits you.
* * * LOW HITPOINT WARNING * * *
You bump into the rock wall.
Something hits you!
You die...

###..#####.#...
#..........#..#.#
#..........#..# #
#..........#..#
####..####....# #..# ####.#
##.## #.####.# #..# #......#
#@.# ##g####### ... ##.#
#..#.g...# .....
#{#####.[#.###.#
.....########........#[# #.#
......@........####.##.###.#
...............## #........#
................# ####.#####
................# #.#
................# #.#


There were no monsters in sight!

Vanquished Creatures
  3 adders (D:3)
  An ooze (D:1)
  A worm (D:3)
  3 dart slugs
  2 leopard geckos
  2 giant cockroaches
  9 goblins
  6 hobgoblins
  A quokka (D:2)
  4 bats
  5 frilled lizards
  5 kobolds
  6 rats (D:1)
48 creatures vanquished.

Notes
Turn   | Place    | Note
-------+----------+-------------------------------------------
     0 | D:1      | Helmschank the Ogre Wanderer began the quest for the Orb.
     0 | D:1      | Helmschank set off with: a +2 shortbow, 29 arrows, a scroll of teleportation, a potion of lignification, a +0 robe, a bread ration
     0 | D:1      | Reached XP level 1. HP: 22/22 MP: 1/1
   262 | D:1      | Reached XP level 2. HP: 32/32 MP: 2/2
   454 | D:1      | Reached skill level 1 in Maces & Flails
   565 | D:1      | Reached XP level 3. HP: 37/39 MP: 3/3
  1413 | D:2      | Found a shimmering altar of Xom.
  1413 | D:2      | Found a shimmering altar of Xom.
  1413 | D:2      | Found a shimmering altar of Xom.
  1437 | D:2      | Found a shimmering altar of Xom.
  1438 | D:2      | Found a shimmering altar of Xom.
  1687 | D:2      | Found a faded altar of an unknown god.
  2060 | D:3      | Noticed Sigmund
  2074 | D:3      | Reached XP level 4. HP: 32/49 MP: 4/4
  3258 | D:3      | Found a bloodstained altar of Trog.
  3333 | D:3      | Became a worshipper of Trog the Wrathful
  3405 | D:3      | Slain by Sigmund

Skill      XL: |  1  2  3  4 |
---------------+-------------+-----
Fighting       | 3 4 |  4.9
Maces & Flails | 1 2 3 |  3.4
Bows           | |  1.0
Dodging        | |  4.5
Stealth        | |  1.0
Shields        | |  1.0

Action                   |  1- 3 |  4- 6 || total
-------------------------+-------+-------++-------
Melee: Hand axe          |    29 |       ||    29
       Club              |   133 |   100 ||   233
 Fire: Blowgun           |       |     6 ||     6
Throw: Stone             |    19 |       ||    19
 Stab: Sleeping          |     2 |     1 ||     3
  Eat: Chunk             |     4 |       ||     4
       Bread ration      |       |     1 ||     1
Armor: Robe              |    38 |     6 ||    44
Dodge: Dodged            |   102 |    56 ||   158
